 Dungeon Crawl Stone Soup version 0.31-a0-188-g5e087ee2ca (webtiles) character file.

Game seed: 4823849067532626943

65 qw the Shooter (level 3, 0/20 HPs)
             Began as a Deep Elf Hunter on June 23, 2023.
             Slain by a water moccasin (4 damage)
             ... on level 6 of the Dungeon.
             The game lasted 00:00:36 (1502 turns).

qw the Shooter (Deep Elf Hunter)                    Turns: 1502, Time: 00:00:37

Health: 0/20       AC:  3    Str: 10    XL:     3   Next: 92%
Magic:  5/5        EV: 12    Int: 13    God:
Gold:   184        SH:  0    Dex: 18    Spells: 2/2 levels left

rFire   . . .        Y - +0 shortbow
rCold   . . .        (shield currently unavailable)
rNeg    . . .        c - +0 leather armour
rPois   .            (no helmet)
rElec   .            (no cloak)
rCorr   .            (no gloves)
SInv    .            (no boots)
Will    .....        (no amulet)
Stlth   ++           (no ring)
HPRegen 0.23/turn    (no ring)
MPRegen 0.09/turn

%: no passive effects
@: lethally poisoned (0 -> -7)
A: no striking features
a: no special abilities


You were on level 6 of the Dungeon.
You visited 1 branch of the dungeon, and saw 4 of its levels.

You collected 184 gold pieces.


   Skills:
 - Level 1.5 Fighting
 + Level 7.4 Ranged Weapons
 - Level 2.4 Dodging
 - Level 1.2 Stealth


You had 2 spell levels left.
You didn't know any spells.
Your spell library was empty.

Inventory:

Hand Weapons
 Y - a +0 shortbow (weapon)
Armour
 c - a +0 leather armour (worn)
Scrolls
 a - 3 scrolls of teleportation
Potions
 b - a potion of mutation {unknown}
 d - a potion of lignification
 f - 3 potions of curing
 h - a potion of magic {unknown}
 j - a potion of cancellation {unknown}
 k - a potion of heal wounds {unknown}

Dungeon Overview and Level Annotations

Branches:
Dungeon (6/15)             Temple (0/1) D:6

Altars:


Message History

The arrow closely misses the water moccasin.
The water moccasin bites you but does no damage.
You shoot an arrow.
The arrow hits the water moccasin but does no damage.
The water moccasin bites you but does no damage. x2
You shoot an arrow.
The arrow closely misses the water moccasin.
The water moccasin bites you but does no damage.
You shoot an arrow. The arrow misses the water moccasin.
The water moccasin bites you but does no damage. x2
You shoot an arrow. The arrow misses the water moccasin.
The water moccasin bites you but does no damage.
You shoot an arrow.
The arrow hits the water moccasin but does no damage.
The water moccasin bites you but does no damage.
You shoot an arrow.
The arrow closely misses the water moccasin.
The water moccasin bites you but does no damage. x2
You shoot an arrow.
The arrow closely misses the water moccasin.
The water moccasin bites you but does no damage.
You shoot an arrow. The arrow misses the water moccasin.
You feel less wooden.
Your +0 leather armour unmelds from your body.
The water moccasin barely misses you. The water moccasin bites you.
You are lethally poisoned!
The water moccasin poisons you!
You shoot an arrow. The arrow hits the water moccasin.
The water moccasin is moderately wounded.
You feel very sick. The water moccasin closely misses you.
You shoot an arrow. The arrow hits the water moccasin!
The water moccasin is heavily wounded.
You feel very sick. The water moccasin bites you.
The water moccasin completely misses you.
You shoot an arrow. The arrow hits the water moccasin.
The water moccasin is severely wounded.
You feel sick. The water moccasin bites you.
You die...

#....~~~~~~~
##..~~~~~~~~~
..~~~~~~...~
###.~~~~~~.>.~
...~~~~~~...~
#.~~~~~~~~~~
#.#..~S~~~~~~~
#.....@~~~~~~~
###......~~~~~
#...........
...##......##
..... ....##.#
.... .$... #
.## #.#### #.#


You could see a water moccasin.

Vanquished Creatures
  An adder (D:3)
  2 worms (D:2)
  A dart slug (D:2)
  2 ball pythons (D:1)
  5 bats
  7 endoplasms
  2 giant cockroaches (D:1)
  8 goblins
  3 hobgoblins
  4 jackals (D:3)
  A frilled lizard (D:1)
  4 kobolds
  2 rats (D:1)
42 creatures vanquished.

Notes
Turn   | Place    | Note
-------+----------+-------------------------------------------
     0 | D:1      | qw the Deep Elf Hunter began the quest for the Orb.
     0 | D:1      | Reached XP level 1. HP: 12/12 MP: 3/3
     0 | D:1      | 0 ||| qw: Version: 0.3-a-9-g12657ce
     0 | D:1      | 0 ||| qw: Game counter: 4208
     0 | D:1      | 0 ||| qw: Always use a shield: true
     0 | D:1      | 0 ||| qw: God list: Okawaru
     0 | D:1      | 0 ||| qw: Allow faded altars: false
     0 | D:1      | 0 ||| qw: Do Orc after D:15 true
     0 | D:1      | 0 ||| qw: Do second Lair branch before Depths: true
     0 | D:1      | 0 ||| qw: Lair rune preference: random
     0 | D:1      | 0 ||| qw: Plans: Normal
     0 | D:1      | 0 ||| PLANNING D:1-11
    92 | D:1      | Reached XP level 2. HP: 16/16 MP: 4/4
    98 | D:1      | Reached skill level 6 in Ranged Weapons
   691 | D:1      | Reached XP level 3. HP: 20/20 MP: 5/5
   820 | D:1      | 820 ||| READING 2 scrolls labelled IMOASU IPOF.
   824 | D:1      | 824 ||| READING scroll labelled ZEKKAMM AMUP.
   825 | D:1      | 825 ||| DRINKING 2 yellow potions.
   826 | D:1      | 826 ||| DROPPING scroll of butterflies.
   966 | D:2      | Reached skill level 7 in Ranged Weapons
  1266 | D:2      | 1266 ||| READING scroll labelled YME KUTITATO.
  1267 | D:2      | 1267 ||| READING scroll labelled EDUS IPRUSM.
  1268 | D:2      | 1268 ||| READING scroll labelled BAW OT YFEMI.
  1269 | D:2      | 1269 ||| READING scroll labelled ZEUGGULAEST.
  1469 | D:3      | You fall into a shaft and drop 3 floors!
  1469 | D:6      | Found a staircase to the Ecumenical Temple.
  1470 | D:6      | 1470 ||| PLANNING TEMPLE
  1470 | D:6      | 1470 ||| DRINKING 2 smoky coppery potions.
  1485 | D:6      | Noticed a water moccasin
  1502 | D:6      | HP: 4/20 [poisoned by a water moccasin]
  1502 | D:6      | Slain by a water moccasin

Levels and vault maps discovered:
D:1:      onia_arrival_pentagram, layout_basic, grunt_decor_clamped
D:2:      layout_basic
D:3:      layout_basic, minmay_misc_feat_diagonals, grunt_decor_mini_mirrors
D:6:      layout_rooms, trog_antimagical, elyvilon_altar_5, temple_pool_b

Skill      XL: |  1  2  3 |
---------------+----------+-----
Ranged Weapons | 6 7 |  7.4
Fighting       | |  1.5
Dodging        | |  2.4
Stealth        | |  1.2

Action                     || total
---------------------------++-------
   Fire: Shortbow          ||   145
    Use: Scroll            ||     6
         Potion            ||     2
 Armour: Leather armour    ||     5
         Skin              ||    14
  Dodge: Dodged            ||    14

Table legend:
 A = Non-vault XP
 B = Vault XP
 C = Vault XP percentage of total XP
 D = Non-vault monster count
 E = Vault monster count
 F = Vault count percentage of total count
                 A         B        C        D         E       F
            +---------+---------+-------+---------+---------+-------
      Total |      93 |       0 |   0.0 |      42 |       0 |   0.0
            +---------+---------+-------+---------+---------+-------
        D:1 |      41 |       0 |   0.0 |      24 |       0 |   0.0
        D:2 |      28 |       0 |   0.0 |      11 |       0 |   0.0
        D:3 |      24 |       0 |   0.0 |       7 |       0 |   0.0
            +---------+---------+-------+---------+---------+-------
